 Dungeon Crawl Stone Soup version 0.21.1-1-g345015f (webtiles) character file.

529 MajorAdolf the Caller (level 7, -2/46 HPs)
             Began as a Mummy Summoner on Apr 2, 2018.
             Was a Follower of Ashenzari.
             Slain by a worker ant (7 damage)
             ... on level 5 of the Dungeon.
             The game lasted 00:19:59 (4266 turns).

MajorAdolf the Caller (Mummy Summoner)              Turns: 4266, Time: 00:20:00

Health: -2/46      AC:  2    Str: 12    XL:     7   Next: 3%
Magic:  5/11       EV: 12    Int: 16    God:    Ashenzari [*.....]
Gold:   200        SH:  0    Dex: 12    Spells: 5/11 levels left

rFire    x . .     SeeInvis .   o - +2 dagger (venom)
rCold    + . .     Gourm    .   (no shield)
rNeg     + + +     Faith    .   q - +0 robe
rPois    ∞         Spirit   .   (no helmet)
rElec    .         Reflect  .   (no cloak)
rCorr    .         Harm     .   (no gloves)
MR       .....                  (no boots)
Stlth    ++........             (no amulet)
HPRegen  0.15/turn              (no ring)
MPRegen  0.12/turn              (no ring)

@: no status effects
A: no food or potions, fire vulnerability, cold resistance 1, negative energy
resistance 3, torment resistance, unbreathing
a: Curse Item, Scrying, Renounce Religion


You were on level 5 of the Dungeon.
You worshipped Ashenzari.
Ashenzari was aware of your devotion.
You were not hungry.

You visited 2 branches of the dungeon, and saw 6 of its levels.

You collected 200 gold pieces.

Inventory:

Hand Weapons
 o - a +2 dagger of venom (weapon)
Missiles
 h - 7 javelins (quivered)
Armour
 a - a +0 robe
 n - a +0 buckler
 q - a +0 robe (worn)
Wands
 f - a wand of digging (10)
 j - a wand of enslavement (17)
 k - a wand of random effects (32)
Scrolls
 c - 2 scrolls of magic mapping {unknown}
 d - 5 scrolls of remove curse
 e - 2 scrolls of enchant weapon {unknown}
 g - 8 scrolls of identify
 i - a scroll of random uselessness {unknown}
 l - 2 scrolls of amnesia {unknown}
 m - 3 scrolls of teleportation
 p - 2 scrolls of immolation {unknown}
 r - a scroll of fear {unknown}
Books
 b - a book of Callings

   Spells                             Type                      Level
   a - Summon Small Mammal            Summoning                    1
   b - Call Imp                       Summoning                    2
   c - Call Canine Familiar           Summoning                    3
   d - Summon Guardian Golem          Hexes/Summoning              3
   e - Summon Lightning Spire         Summoning/Air                4
   f - Summon Ice Beast               Ice/Summoning                4


   Skills:
 - Level 1.5 Dodging
 - Level 1.5 Stealth
 - Level 2.6 Spellcasting
 + Level 6.8 Summonings
 - Level 1.3 Evocations


You had 5 spell levels left.
You knew the following spells:

 Your Spells              Type           Power        Failure   Level  Hunger
a - Summon Small Mammal   Summ           ###.         1%          1    N/A
b - Call Imp              Summ           ###.....     1%          2    N/A
c - Call Canine Familiar  Summ           ###.....     3%          3    N/A

Dungeon Overview and Level Annotations

Branches:
Dungeon (5/15)             Temple (1/1) D:4

Altars:
Ashenzari
Cheibriados
Dithmenos
Elyvilon
Fedhas
Gozag
Hepliaklqana
Kikubaaqudgha
Makhleb
Nemelex Xobeh
Okawaru
Qazlal
Ru
Sif Muna
Trog
Uskayaw
Wu Jian
Xom
Yredelemnul
The Shining One

Shops:
D:5 :


Innate Abilities, Weirdness & Mutations

You do not eat or drink.
Your flesh is vulnerable to fire.
You are immune to poison.
Your flesh is cold resistant. (rC+)
You are immune to negative energy. (rN+++)
You are immune to unholy pain and torment.
You can survive without breathing.


Message History

The worker ant misses you.
Your crimson imp hits the orc.
The orc hits your crimson imp.
Your iron imp closely misses the orc.
The worker ant barely misses you.
Your crimson imp blinks!
The worker ant bites you.
Your iron imp hits the orc!
The orc dies!
The worker ant misses you.
Your iron imp barely misses the orc.
The worker ant bites you! The worker ant bites you!
* * * LOW HITPOINT WARNING * * *
Your iron imp hits the orc.
Your crimson imp hits the worker ant but does no damage.
The worker ant misses you. The orc barely misses you.
Unknown command.
Your crimson imp blinks!
The orc barely misses your iron imp. The orc hits you.
* * * LOW HITPOINT WARNING * * *
The worker ant bites you!
You die...

#####.#.######.# #.#.#
##.######### #.#.#
##..........# #.#.##
#...#####....
#....###..## ##....#
##.....##..####.....#
####.......#..##......#.
#.............##.#....†#
#.##...@a..#......%....#
#.###.5o..>............#
#.# #)o.5......#.#######
#.# #)######.#.#.# #.#
#.# #.#.#.####### #.#
#.# #.......<.<..
#.###o######...........#
#.....o.o.....########.#
#####..†...oo..# #.#


You could see a worker ant, 2 orcs, a friendly iron imp and a friendly crimson
imp.

Vanquished Creatures
  A big kobold (D:3)
  A scorpion (D:5)
  2 crimson imps (D:5)
  A hound (D:5)
  2 orc wizards
  A worker ant (D:5)
  An adder (D:5)
  2 leopard geckos
  4 orcs
  A giant cockroach (D:2)
  2 goblins (D:3)
  2 bats (D:1)
  2 frilled lizards
22 creatures vanquished.

Vanquished Creatures (collateral kills)
  Blork the orc (D:4)
  3 scorpions (D:5)
  A jelly (D:3)
  2 centaur skeletons
  An orc wizard (D:5)
  4 adders
  A shadow imp (D:5)
  2 oozes
  An adder skeleton (D:4)
  A worm (D:3)
  2 dart slugs (D:1)
  6 orcs
  4 bats
  3 giant cockroaches (D:2)
  11 hobgoblins
  12 kobolds
  3 quokkas
  A ball python (D:1)
  3 frilled lizards
  4 goblins
  8 rats
74 creatures vanquished.

Grand Total: 96 creatures vanquished

Notes
Turn   | Place    | Note
-------+----------+-------------------------------------------
     0 | D:1      | MajorAdolf the Mummy Summoner began the quest for the Orb.
     0 | D:1      | Reached XP level 1. HP: 13/13 MP: 4/4
   350 | D:1      | Reached XP level 2. HP: 19/19 MP: 1/5
   354 | D:1      | Learned a level 2 spell: Call Imp
   662 | D:2      | Found a shadowy altar of Dithmenos.
   766 | D:2      | Reached skill level 4 in Summonings
   877 | D:2      | Reached XP level 3. HP: 24/24 MP: 7/7
   882 | D:2      | Learned a level 3 spell: Call Canine Familiar
  1507 | D:3      | Noticed a big kobold
  1530 | D:3      | Killed a big kobold
  1530 | D:3      | Reached XP level 4. HP: 11/30 MP: 3/8
  1750 | D:3      | Reached skill level 5 in Summonings
  2217 | D:4      | Reached XP level 5. HP: 35/35 MP: 6/9
  2506 | D:4      | Noticed Blork the orc
  2520 | D:4      | Killed Blork the orc
  2754 | D:4      | Found a staircase to the Ecumenical Temple.
  2898 | D:4      | Found a shattered altar of Ashenzari.
  2950 | D:4      | Became a worshipper of Ashenzari the Shackled
  3025 | Temple   | Entered the Ecumenical Temple
  3197 | D:5      | Entered Level 5 of the Dungeon
  3225 | D:5      | Reached skill level 6 in Summonings
  3396 | D:5      | Found an iron altar of Okawaru.
  3396 | D:5      | Found a basalt altar of Yredelemnul.
  3396 | D:5      | Found a sparkling altar of Nemelex Xobeh.
  3404 | D:5      | Reached XP level 6. HP: 24/41 MP: 10/10
  3606 | D:5      | Reached skill level 1 in Evocations
  3901 | D:5      | Reached * piety under Ashenzari
  4145 | D:5      | Found Mawi's Book Boutique.
  4232 | D:5      | Reached XP level 7. HP: 32/46 MP: 7/11
  4266 | D:5      | Slain by a worker ant

Skill      XL: |  1  2  3  4  5  6 |
---------------+-------------------+-----
Summonings     | 4 5 6 |  6.8
Evocations     | 1 |  1.3
Dodging        | |  1.5
Stealth        | |  1.5
Spellcasting   | |  2.6

Action                   |  1- 3 |  4- 6 |  7- 9 || total
-------------------------+-------+-------+-------++-------
Melee: Unarmed           |    16 |       |       ||    16
       Whip              |    14 |       |       ||    14
       Dagger            |    12 |    71 |     1 ||    84
       Dire flail        |       |     7 |       ||     7
 Cast: Summon Small Mamm |    19 |       |       ||    19
       Call Imp          |    21 |     7 |     2 ||    30
       Call Canine Famil |     5 |    19 |     1 ||    25
  Use: Scroll            |     3 |     1 |       ||     4
 Stab: Sleeping          |     1 |     1 |       ||     2
       Distracted        |     1 |     2 |       ||     3
Armor: Robe              |    27 |    10 |     1 ||    38
Dodge: Dodged            |    65 |    37 |     7 ||   109
